 Dungeon Sprint DCSS version 0.30-a0-719-gcc4359ea44 (webtiles) character file.

Game seed: 3894177482405937092

97 CrazyBamboolord the Covered (level 4, -11/66 HPs)
             Began as a Minotaur Fighter on Jan 26, 2023.
             Mangled by an ogre
             ... wielding a +0 giant club
              (21 damage)
             ... in the Dungeon (Sprint IX: "|||||||||||||||||||||||||||||").
             The game lasted 00:00:40 (68 turns).

CrazyBamboolord the Covered (Minotaur Fighter)        Turns: 68, Time: 00:00:41

Health: -11/66     AC:  7    Str: 22    XL:     4   Next: 42%
Magic:  3/3        EV:  9    Int:  5    God:
Gold:   0          SH:  5    Dex: 10    Spells: 3/3 levels left

rFire   . . .      SeeInvis .    a - +0 long sword
rCold   . . .      Faith    .    c - +0 buckler
rNeg    . . .      Spirit   .    b - +0 scale mail
rPois   .          Reflect  .    (helmet restricted)
rElec   .          Harm     .    (no cloak)
rCorr   .          Rampage  .    (no gloves)
Will    .....      NoTele   +    (no boots) Stlth
                                 (no amulet)
HPRegen 0.31/turn                (no ring)
MPRegen 0.08/turn                (no ring)

@: mighty, berserking, hasted, very quick
A: horns 2, retaliatory headbutt
a: no special abilities


You were in the Dungeon.
You visited 1 branch

Inventory:

Hand Weapons
 a - a +0 long sword (weapon)
Armour
 b - a +0 scale mail (worn)
 c - a +0 buckler (worn)
Scrolls
 j - a scroll of blinking
Potions
 h - 2 potions of magic


   Skills:
 * Level 6.3 Fighting
 * Level 5.3 Long Blades
 * Level 7.0 Armour
 + Level 0.5 Dodging
 * Level 6.1 Shields


You had 3 spell levels left.
You didn't know any spells.
Your spell library was empty.

Dungeon Overview and Level Annotations

Branches:
Dungeon (1/1)

Altars:


Innate Abilities, Weirdness & Mutations

You have a pair of horns on your head.
You reflexively headbutt those who attack you in melee.


Message History

Increase (S)trength, (I)ntelligence, or (D)exterity?
You feel stronger. x2
You feel better. The white imp gestures at you. The puff of frost hits you!
* * * LOW HITPOINT WARNING * * *
You feel yourself speed up.
The white imp hits you but does no damage.
You feel very mighty all of a sudden.
A red film seems to cover your vision as you go berserk!
You feel yourself moving faster!
You feel mighty! The white imp gestures at you. The puff of frost hits you.
* * * LOW HITPOINT WARNING * * *
You are too injured to fight recklessly!
You are too injured to fight recklessly!
You completely miss the white imp. Your headbutt misses the white imp.
The white imp closely misses you.
You closely miss the white imp.
The white imp hits you but does no damage.
You slash the white imp!
You kill the white imp!
You have reached level 4!
You feel agile.
You hit the iguana. You headbutt the iguana.
The iguana is heavily wounded.
You slash the iguana!
You kill the iguana!
Your Fighting skill increases to level 6!
Your Long Blades skill increases to level 5!
Your Armour skill increases to level 7!
Your Shields skill increases to level 6!
You barely miss the ogre. The ogre completely misses you.
You furiously retaliate!
You headbutt the ogre. You hit the ogre.
The ogre is heavily wounded.
You slash the ogre!
The ogre is almost dead.
The ogre hits you with a +0 giant club!!
You die...

▓+▓
▓.▓
▓.▓
▓.▓
▓.▓
▓h▓
▓O▓
▓@▓
▓.▓
▓.▓
▓.▓
▓)▓
▓'▓
▓.▓
▓.▓
▓.▓


You could see a black bear and an ogre.

Vanquished Creatures
  A necrophage (D)
  An iguana (D)
  A white imp (D)
  A ball python (D)
  2 kobolds (D)
  2 rats (D)
8 creatures vanquished.

Notes
Turn   | Place    | Note
-------+----------+-------------------------------------------
     0 | D        | CrazyBamboolord the Minotaur Fighter began the quest for
                  | the Orb.
     0 | D        | Reached XP level 1. HP: 19/19 MP: 0/0
    13 | D        | Reached skill level 4 in Armour
    41 | D        | Noticed a black bear
    41 | D        | Noticed an ogre
    41 | D        | Noticed an iguana
    41 | D        | Noticed a necrophage
    56 | D        | Killed a necrophage
    57 | D        | Reached skill level 5 in Fighting
    57 | D        | Reached skill level 6 in Armour
    57 | D        | Reached skill level 5 in Shields
    57 | D        | Reached XP level 2. HP: 5/30 MP: 1/1
    57 | D        | Reached XP level 3. HP: 6/37 MP: 2/2
    64 | D        | Reached XP level 4. HP: 8/44 MP: 3/3
    66 | D        | Reached skill level 5 in Long Blades
    66 | D        | Reached skill level 7 in Armour
    68 | D        | Mangled by an ogre

Illustrated notes

Levels and vault maps discovered:
D:        linesprint [early_d, line_temple, items_1, d_10, items_2, lair_1,
          lair_end, items_3, orc_1, orc_end, items_4, d_15, swamp_1, shoals_1,
          snake_1, spider_1, d_20, vaults_1, items_5, swamp_end, shoals_end,
          snake_end, spider_end, vaults_end, d_27, items_6, zot_1, zot_end,
          crypt_end, forest_end, elf_end, slime_end, tomb_end, abyss_end,
          pan_hell_end]

Skill      XL: |  1  2  3  4 |
---------------+-------------+-----
Fighting       | 5 6 |  6.3
Shields        | 5 6 |  6.1
Armour         | 6 7 |  7.0
Long Blades    | 4 5 |  5.3
Dodging        | |  0.5

Action                     |  1- 3 |  4- 6 || total
---------------------------+-------+-------++-------
  Melee: Long sword        |    28 |     5 ||    33
         Headbutt          |       |     1 ||     1
    Use: Potion            |     5 |       ||     5
 Armour: Scale mail        |     7 |       ||     7
  Dodge: Dodged            |     8 |     1 ||     9
  Block: Buckler           |     6 |       ||     6

Table legend: (Time is in decaauts)
 A = Elapsed time spent in this place.
 B = Non-inter-level travel time spent in this place.
 C = Inter-level travel time spent in this place.
 D = Time resting spent in this place.
 E = Time spent auto-exploring this place.
 F = Levels seen in this place.
 G = Mean time per level.
                   A        B        C        D        E       F      G
               +--------+--------+--------+--------+--------+-----+--------+
         Total |     74 |     74 |      0 |     20 |      0 |   1 |   74.0 |
       Dungeon |     74 |     74 |      0 |     20 |      0 |   1 |   74.0 |
               +--------+--------+--------+--------+--------+-----+--------+

Top non-repeatable levels by time:
       D: 74 daAuts
